Unix NetHack Version 3.7.0-97 Work-in-progress - last build Jan 28 2024 15:41:29 (157cf090cb53e479d994ec1a4552202481ff9585,branch:master). Game began 2024-01-31 16:53:21, ended 2024-01-31 17:08:01. youngster, lawful female human Knight ... ---- ---- .<.- --..-- --0.^| ..... --..--- ......|.....- ........)..--...--..........- ..............----.......... --..-----.... --......^.. --- --. |...@..... G--..|. Youngster the Gallant St:16 Dx:9 Co:11 In:8 Wi:14 Ch:18 Lawful Dlvl:4 $:48 HP:0(16) Pw:6(6) AC:2 Xp:1/2 T:1328 Latest messages: GRAPEFRUIT misses it. GRAPEFRUIT hits the dwarf. The dwarf is killed! y - a dwarvish cloak. There is a dwarf corpse here; eat it? [ynq] (n) This dwarf corpse is tough. You hear some noises. You finish eating the dwarf corpse. What do you want to drop? [$ac-ikoq-wy or ?*] You drop a dwarvish cloak. You swap places with GRAPEFRUIT. You see here a dwarvish cloak. y - a dwarvish cloak. What do you want to put on? [r or ?*] You are now wearing a dwarvish cloak. You see here a gnome corpse. There is a gnome corpse here; eat it? [ynq] (n) Blecch! Rotten food! You hear some noises. You finish eating the gnome corpse. It hits the gnome. It bites the gnome. The gnome misses it. The gnome hits! It hits the gnome. It bites the gnome. The gnome hits it. GRAPEFRUIT hits it. The bat misses! GRAPEFRUIT misses the bat. GRAPEFRUIT misses the bat. The bat misses! GRAPEFRUIT hits the bat. GRAPEFRUIT bites the bat. The bat is killed! You stop. GRAPEFRUIT is in the way! You see here a gnome corpse. You swap places with GRAPEFRUIT. GRAPEFRUIT picks up a gnome corpse. You try to move the boulder, but in vain. You try to move the boulder, but in vain. A gush of water hits your right arm! Your long sword rusts! Click! You trigger a rolling boulder trap! You are hit by a boulder! You hear the wailing of the Banshee... z - a scroll labeled ABRA KA DABRA. The gnome swings her crossbow. The gnome hits! You die... Inventory: Coins ('$') $ - 48 gold pieces Amulets ('"') r - a cursed amulet of restful sleep named c? Weapons (')') a - an uncursed rusty +1 long sword (weapon in left hand) Armor ('[') d - an uncursed +0 helmet (being worn) f - a blessed +0 pair of leather gloves (being worn) v - an uncursed +0 pair of elven boots (being worn) k - an uncursed +0 pair of iron shoes t - an uncursed +0 pair of low boots e - an uncursed +0 small shield (being worn) y - an uncursed +0 dwarvish cloak (being worn) c - an uncursed +1 ring mail (being worn) Comestibles ('%') g - 12 uncursed apples h - 11 uncursed carrots o - 2 uncursed food rations i - a cursed pear Scrolls ('?') s - an uncursed scroll of enchant weapon w - an uncursed scroll of identify z - an uncursed scroll of magic mapping Wands ('/') q - an uncursed wand of sleep (0:5) Tools ('(') u - an uncursed bell Youngster the Knight's attributes: Background: You were a Gallant, a level 1 female human Knight. You were lawful, nominally on a mission for Lugh who was opposed by Brigit (neutral) and Manannan Mac Lir (chaotic). You were left-handed. You were in the Gnomish Mines, on level 4. You entered the dungeon 1328 turns ago. You had 2 experience points, 18 more were needed to attain level 2. Basics: You had 0 out of 16 hit points. You had all 6 energy points (spell power). Your armor class was 2. Your wallet contained 48 zorkmids. Autopickup was on for '$?!"=/*' plus thrown, with exceptions. Final Characteristics: Your strength was 16 (limit:18/100). Your dexterity was 9 (limit:18). Your constitution was 11 (limit:18). Your intelligence was 8 (limit:18). Your wisdom was 14 (limit:18). Your charisma was 18 (limit:18). Final Status: You weren't hungry. You were unencumbered. You were wielding a long sword. You had basic skill with long sword. Final Attributes: You were devoutly aligned. Your items were somewhat protected from fire. Your items were somewhat protected from cold. You were stealthy. You could jump. You were warded. You are dead. Miscellaneous: You never encountered a bones level. Total elapsed playing time was 14 minutes and 39 seconds. Major events: Turn 1: youngster the lawful female human Knight entered the dungeon 970: entered the Gnomish Mines 1328: killed by a gnome Vanquished creatures: a dwarf 3 gnomes 5 jackals a fox a kobold a goblin 2 grid bugs a bat a lichen 3 newts 19 creatures vanquished. No species were genocided or became extinct. Voluntary challenges: You were an atheist. You read items or engraved 3 times. You engraved Elbereth 3 times. You never genocided any monsters. You never polymorphed an object. You never changed form. You used no wishes. Achievement: You entered the Gnomish Mines. The Dungeons of Doom: levels 1 to 4 Level 1: Level 2: Some fountains. Level 3: An altar, a grave. Stairs down to The Gnomish Mines. Level 4: The Gnomish Mines: Level 4: <- You were here. Final resting place for you, killed by a gnome. Game over: ---------- / \ / REST \ / IN \ / PEACE \ / \ | youngster | | 48 Au | | killed by a | | gnome | | | | | | 2024 | *| * * * | * _________)/\\_//(\/(/\)/\//\/|_)_______ Fare thee well youngster the Knight... You died in The Gnomish Mines on dungeon level 4 with 212 points, and 48 pieces of gold, after 1328 moves. You were level 1 with a maximum of 16 hit points when you died.